 Dungeon Crawl Stone Soup version 0.22-a0 (console) character file.

86 removed the Conjurer (level 4, -5/35 HPs)
             Began as a Demigod Wanderer on Jan 1, 2018.
             Slain by an orc warrior
             ... wielding a +0 halberd
              (13 damage)
             ... on level 3 of the Dungeon.
             The game lasted 00:06:56 (2179 turns).

removed the Conjurer (Demigod Wanderer)             Turns: 2179, Time: 00:06:56

Health: -5/35      AC:  5    Str: 14    XL:     4   Next: 5%
Magic:  7/9        EV: 10    Int: 21    God:
Gold:   69         SH:  0    Dex: 13    Spells: 3/6 levels left

rFire    . . .     SeeInvis .   c - +0 mace
rCold    . . .     Gourm    .   (no shield)
rNeg     . . .     Faith    .   b - +0 ring mail
rPois    .         Spirit   .   (no helmet)
rElec    .         Reflect  .   (no cloak)
rCorr    .         Harm     .   (no gloves)
MR       .....                  (no boots)
Stlth    +.........             (no amulet)
HPRegen  0.11/turn              (no ring)
MPRegen  0.11/turn              (no ring)

@: lethally poisoned (-5 -> -11)
A: high mp 1
a: no special abilities


You were on level 3 of the Dungeon.
You were not hungry.

You visited 1 branch of the dungeon, and saw 3 of its levels.

You collected 69 gold pieces.

Inventory:

Hand Weapons
 c - a +0 mace (weapon)
Armour
 b - a +0 ring mail (worn)
 k - a +0 buckler
Scrolls
 e - 2 scrolls of remove curse
 g - 4 scrolls of teleportation
 h - a scroll of magic mapping {unknown}
 i - a scroll of fog {unknown}
 j - a scroll of fear
 m - a scroll of amnesia {unknown}
 p - 2 scrolls of identify {unknown}
Potions
 f - a potion of haste {unknown}
 o - a potion of curing {unknown}
 q - 2 potions of degeneration {unknown}
Books
 a - a book of Minor Magic

   Spells                             Type                      Level
   a - Magic Dart                     Conjuration                  1
   b - Blink                          Translocation                2
   c - Call Imp                       Summoning                    2
   d - Slow                           Hexes                        2
   e - Conjure Flame                  Conjuration/Fire             3
   f - Mephitic Cloud                 Conjuration/Poison/Air       3
Comestibles
 d - 10 rations
 r - 3 chunks of flesh


   Skills:
 - Level 1.0 Fighting
 - Level 1.7 Maces & Flails
 - Level 1.0 Throwing
 - Level 1.7 Armour
 - Level 1.0 Shields
 - Level 1.7 Spellcasting
 + Level 3.8 Conjurations


You had 3 spell levels left.
You knew the following spells:

 Your Spells              Type           Power        Failure   Level  Hunger
a - Magic Dart            Conj           ###.         6%          1    #......
l - Blink                 Tloc           N/A          41%         2    ###....


Dungeon Overview and Level Annotations

Branches:
Dungeon (3/15)


Innate Abilities, Weirdness & Mutations

You have an increased reservoir of magic. (+10% MP)


Message History

Things that are here:
a tomahawk; 16 poisoned needles The orc hits you with a war axe of freezing.
The orc freezes you.
An orc comes into view. It is wielding a hand axe.
The orc barely misses you.
Found a scroll of remove curse.
The orc warrior shouts!
You hear a shout!
The orc warrior closely misses you.
A kobold comes into view.
The orc warrior hits you from afar with a halberd!
* * * LOW HITPOINT WARNING * * *
The kobold wields a blowgun.
The kobold shoots a poisoned needle.
The poisoned needle hits you!
You are poisoned.
You see here a poisoned needle.
Enter note: lol You feel sick.
The orc warrior hits you with a halberd!
You die...

#. #)# ..# ####.### #K#
#....... #.# #.>o....
#.# ##.....(. #.#
#....(...
#?########........
#######.(.o.oo..........
.......@o########.......
#######.o# ########.##
#...# #.....รท.... ##..#
#o######.## ...# #.##
##.. #.# .## #.# .# #.#
#.#


You could see an orc warrior, 4 orcs and a kobold.

Vanquished Creatures
  2 adders (D:2)
  An ooze (D:1)
  2 worms (D:2)
  4 dart slugs
  An orc (D:3)
  A ball python (D:1)
  7 bats
  A giant cockroach (D:2)
  4 goblins (D:1)
  6 hobgoblins
  2 jackals (D:2)
  7 kobolds (D:1)
  5 frilled lizards
  4 rats
47 creatures vanquished.

Notes
Turn   | Place    | Note
-------+----------+-------------------------------------------
     0 | D:1      | removed the Demigod Wanderer began the quest for the Orb.
     0 | D:1      | removed set off with: a book of Minor Magic, a +0 ring mail, a +0 mace, a ration
     0 | D:1      | Reached XP level 1. HP: 16/16 MP: 5/5
     2 | D:1      | Learned a level 1 spell: Magic Dart
   187 | D:1      | Reached skill level 2 in Conjurations
   205 | D:1      | Reached XP level 2. HP: 22/23 MP: 0/7
   457 | D:1      | Learned a level 2 spell: Blink
   907 | D:1      | Reached XP level 3. HP: 28/28 MP: 5/8
   963 | D:1      | Reached skill level 3 in Conjurations
  1525 | D:2      | Found a stormy altar of Qazlal.
  1646 | D:2      | Found a faded altar of an unknown god.
  1716 | D:2      | Found a snail-covered altar of Cheibriados.
  1992 | D:2      | Reached XP level 4. HP: 28/35 MP: 1/9
  2150 | D:3      | Noticed an orc warrior
  2179 | D:3      | Slain by an orc warrior

Vault maps used:
D:1:      evilmike_arrival_home_sweet_home
D:2:      nicolae_overflow_hidden_temple, lemuel_round_altar,
          chequers_ecumenical_altar_island
D:3:      nemelex_xobeh_ov_fountains_minmay, corexii_corridor_pit

Skill      XL: |  1  2  3 |
---------------+----------+-----
Conjurations   | 2 3 |  3.8
Fighting       | |  1.0
Maces & Flails | |  1.7
Throwing       | |  1.0
Armour         | |  1.7
Shields        | |  1.0
Spellcasting   | |  1.7

Action                   |  1- 3 |  4- 6 || total
-------------------------+-------+-------++-------
Melee: Mace              |    27 |       ||    27
 Cast: Magic Dart        |   116 |     9 ||   125
  Use: Scroll            |       |     4 ||     4
  Eat: Chunk             |     5 |     1 ||     6
Armor: Ring mail         |    37 |       ||    37
Dodge: Dodged            |    43 |     2 ||    45

Table legend:
 A = Spawn XP
 B = Non-spawn XP
 C = Spawn XP percentage of total XP
 D = Spawn monster count
 E = Non-spawn monster count
 F = Spawn count percentage of total count
 G = Total turns spent on level
                    A         B        C        D         E        F      G
               +---------+---------+-------+---------+---------+-------+---------
         Total |       0 |     123 |   0.0 |       0 |      47 |   0.0 |  2179
               +---------+---------+-------+---------+---------+-------+---------
           D:1 |       0 |      59 |   0.0 |       0 |      26 |   0.0 |  1280
           D:2 |       0 |      57 |   0.0 |       0 |      17 |   0.0 |   823
           D:3 |       0 |       7 |   0.0 |       0 |       4 |   0.0 |    76
               +---------+---------+-------+---------+---------+-------+---------
